 Dungeon Crawl Stone Soup version 0.26.1-11-gd32895ea62 (webtiles) character file.

Game seed: 12424987171431231930

68 ABBCCCDDDD the Sneak (level 4, 0/27 HPs)
             Began as a Gargoyle Necromancer on July 26, 2021.
             Slain by an orc priest
             ... wielding a cursed -2 morningstar
              (2 damage)
             ... on level 3 of the Dungeon.
             The game lasted 00:07:06 (3013 turns).

ABBCCCDDDD the Sneak (Gargoyle Necromancer)         Turns: 3013, Time: 00:07:06

Health: 0/27       AC:  9    Str: 12    XL:     4   Next: 19%
Magic:  0/7        EV:  9    Int: 16    God:
Gold:   164        SH:  0    Dex: 10    Spells: 6/7 levels left

rFire    . . .     SeeInvis .   a - +0 mace
rCold    . . .     Faith    .   (no shield)
rNeg     + . .     Spirit   +   o - +0 scale mail
rPois    ∞         Reflect  .   (no helmet)
rElec    +         Harm     .   (no cloak)
rCorr    .         Rampage  .   (no gloves)
Will     .....                  (no boots)
Stlth    +.........             m - amulet of guardian spirit
HPRegen  0.09/turn              (no ring)
MPRegen  0.10/turn              (no ring)

@: no status effects
A: negative energy resistance 1, electricity resistance, unbreathing,
petrification resistance, miasma immunity, AC +3
a: no special abilities


You were on level 3 of the Dungeon.
You visited 1 branch of the dungeon, and saw 3 of its levels.

You collected 164 gold pieces.

Inventory:

Hand Weapons
 a - a +0 mace (weapon)
 b - a +0 hunting sling
 p - a +0 great mace
Missiles
 f - 94 stones
Armour
 o - a +0 scale mail (worn)
Jewellery
 l - an uncursed amulet of reflection
 m - an amulet of guardian spirit (around neck)
Wands
 s - a wand of random effects (10)
Scrolls
 c - a scroll of remove curse
 e - a scroll of enchant armour {unknown}
 g - 2 scrolls of identify {unknown}
 h - 2 scrolls of enchant weapon {unknown}
 n - a scroll of random uselessness {unknown}
 q - a scroll of fog {unknown}
 r - a scroll of teleportation {unknown}
Potions
 d - a potion of flight {unknown}
 i - 3 potions of curing {unknown}
 j - a potion of berserk rage {unknown}
 k - a potion of brilliance {unknown}


   Skills:
 + Level 2.6 Fighting
 + Level 1.3 Maces & Flails
 - Level 1.5 Dodging
 - Level 3.4 Stealth
 - Level 2.0 Spellcasting
 - Level 3.2 Necromancy


You had 6 spell levels left.
You knew the following spells:

 Your Spells              Type           Power        Failure   Level
a - Pain                  Necr           48%          30%         1

Your spell library contained the following spells:

 Spells                   Type           Power        Failure   Level
 Animate Skeleton         Necr           24%          30%         1
 Vampiric Draining        Necr           6%           65%         3
 Animate Dead             Necr           6%           96%         4
 Agony                    Necr           12%          100%        5


Dungeon Overview and Level Annotations

Branches:
Dungeon (3/15)

Altars:

Annotations:
D:2 Sigmund


Innate Abilities, Weirdness & Mutations

You are resistant to torment.
Your stone body is resilient. (AC +3)
You are immune to poison.
You resist negative energy. (rN+)
You are resistant to electric shocks. (rElec)
You can survive without breathing.
You are immune to petrification.
You are immune to miasma.


Message History

The orc priest barely misses you.
You sock the orc!
You kill the orc!
The orc priest hits you with a cursed -2 morningstar.
You hit the orc priest.
The orc priest is moderately wounded.
The orc priest hits you but does no damage.
You hit the orc priest.
The orc priest is heavily wounded.
The orc priest closely misses you.
You hit the orc priest.
The orc priest is almost dead.
The orc priest barely misses you.
The orc priest invokes the aid of Beogh against you.
Beogh smites you!
* * * LOW HITPOINT WARNING * * *
You closely miss the orc priest.
The orc priest is severely wounded.
The orc priest hits you with a cursed -2 morningstar.
You die...

##########
.........####.#
#################........
................@).####.#
#################o.####
#..o.......# #.##########
#........ #..######
#####..# #...#o.# .
#.#.#..#


You could see an orc priest.

Vanquished Creatures
  2 adders
  2 oozes (D:2)
  A dart slug (D:1)
  2 orcs (D:3)
  4 hobgoblins
  7 jackals
  3 kobolds
  A quokka (D:1)
  A ball python (D:2)
  7 bats
  4 frilled lizards
  2 goblins (D:2)
  3 rats
39 creatures vanquished.

Notes
Turn   | Place    | Note
-------+----------+-------------------------------------------
     0 | D:1      | ABBCCCDDDD the Gargoyle Necromancer began the quest for the
                  | Orb.
     0 | D:1      | Reached XP level 1. HP: 10/10 MP: 3/3
   619 | D:1      | Reached skill level 1 in Fighting
   723 | D:1      | Reached XP level 2. HP: 4/16 MP: 5/5
  1890 | D:2      | Reached XP level 3. HP: 20/21 MP: 4/6
  2237 | D:2      | Reached skill level 1 in Maces & Flails
  2275 | D:2      | Noticed Sigmund
  2863 | D:3      | Reached XP level 4. HP: 25/27 MP: 5/7
  3013 | D:3      | Slain by an orc priest

Illustrated notes

Levels and vault maps discovered:
D:1:      eino_arrival_tree_alley, layout_basic
D:2:      layout_rooms, uniq_sigmund
D:3:      layout_basic, lemuel_doored_altar, chequers_ecumenical_altar_grove,
          uniq_natasha, uniq_crazy_yiuf_cottage

Skill      XL: |  1  2  3 |
---------------+----------+-----
Fighting       | 1 2 |  2.6
Stealth        | 3 |  3.4
Maces & Flails | 1 |  1.3
Dodging        | |  1.5
Spellcasting   | |  2.0
Necromancy     | |  3.2

Action                   |  1- 3 |  4- 6 || total
-------------------------+-------+-------++-------
Melee: Mace              |   140 |    24 ||   164
 Fire: Hunting sling     |     7 |       ||     7
 Cast: Pain              |     8 |       ||     8
  Use: Scroll            |     1 |       ||     1
 Stab: Sleeping          |     1 |       ||     1
Armor: Robe              |    20 |       ||    20
       Ring mail         |    70 |       ||    70
       Scale mail        |    54 |    16 ||    70
Dodge: Dodged            |   146 |    20 ||   166
